 Dungeon Crawl Stone Soup version 0.26.1-2-gb8aa6d0cf2 (webtiles) character file.

Game seed: 11709831369219243738

130 Descartes the Magician (level 4, -1/24 HPs)
             Began as a Deep Elf Wanderer on Feb 19, 2021.
             Slain by an orc wizard
             ... wielding a +0 dagger
              (3 damage)
             ... on level 3 of the Dungeon.
             The game lasted 00:13:49 (3080 turns).

Descartes the Magician (Deep Elf Wanderer)          Turns: 3080, Time: 00:13:50

Health: -1/24      AC:  2    Str:  8 (9)  XL:     4   Next: 90%
Magic:  3/13       EV: 11    Int: 15 (17) God:
Gold:   198        SH:  0    Dex: 12 (15) Spells: 11/13 levels left

rFire    . . .     SeeInvis .   a - +0 dagger
rCold    . . .     Faith    .   (no shield)
rNeg     . . .     Spirit   .   c - +0 robe
rPois    .         Reflect  .   (no helmet)
rElec    .         Harm     .   (no cloak)
rCorr    .         Rampage  .   (no gloves)
Will     .....                  (no boots)
Stlth    ++........             (no amulet)
HPRegen  0.08/turn              (no ring)
MPRegen  0.13/turn              (no ring)

@: hasted, very quick
A: no striking features
a: no special abilities


You were on level 3 of the Dungeon.
You visited 1 branch of the dungeon, and saw 3 of its levels.

You collected 198 gold pieces.

Inventory:

Hand Weapons
 a - a +0 dagger (weapon)
Missiles
 j - 100 stones (quivered)
 k - 11 arrows
 l - 22 sling bullets
 p - 23 poisoned darts
 q - 2 throwing nets
 r - 8 javelins
 t - 3 boomerangs
Armour
 c - a +0 robe (worn)
Scrolls
 f - a scroll of fog {unknown}
 g - 3 scrolls of remove curse {unknown}
 h - 3 scrolls of identify {unknown}
 m - 4 scrolls of immolation {unknown}
 n - a scroll of enchant armour {unknown}
 s - 2 scrolls of amnesia {unknown}
 u - a scroll of teleportation {unknown}
Potions
 b - 2 potions of flight {unknown}
 d - 2 potions of haste
 i - a potion of degeneration
 o - a potion of curing {unknown}
 v - a potion of might {unknown}


   Skills:
 - Level 1.0 Throwing
 - Level 1.2 Stealth
 - Level 5.0 Spellcasting
 + Level 2.9 Conjurations
 - Level 2.1 Fire Magic
 + Level 2.2 Air Magic
 + Level 3.5 Poison Magic


You had 11 spell levels left.
You knew the following spells:

 Your Spells              Type           Power        Failure   Level
a - Shock                 Conj/Air       44%          5%          1
b - Sting                 Tmut/Pois      36%          8%          1

Your spell library contained the following spells:

 Spells                   Type           Power        Failure   Level
 Poisonous Vapours        Pois/Air       24%          8%          2
 Mephitic Cloud           Conj/Pois/Air  12%          16%         3
 Ignite Poison            Fire/Tmut/Pois 9%           22%         3
 Olgreb's Toxic Radiance  Pois           14%          36%         4


Dungeon Overview and Level Annotations

Branches:
Dungeon (3/15)

Altars:
Ru
Sif Muna


Message History

Something hits you but does no damage.
You miss something. Something hits you.
You barely miss something. Something hits you.
* * * LOW HITPOINT WARNING * * *
You hit something but do no damage. Something hits you.
* * * LOW HITPOINT WARNING * * *
Something hits you but does no damage.
You barely miss something.
You hear some strange, mumbled words.
A magic dart appears from out of thin air!
The magic dart hits you.
* * * LOW HITPOINT WARNING * * *
You closely miss something. Something hits you but does no damage.
It was a potion of haste.
You feel yourself speed up. Something hits you but does no damage.
It was a potion of degeneration.
There was something very wrong with that liquid.
You feel weakened.
You feel dopey.
You feel clumsy. Something hits you.
You die...

###.### #.........#...#.# #.##...
o.....# ###...#....#....# #.##...
####.#####..###........###....#.
#....#...# ###.......###.....
#........#####...........#...
##....#....................##
#....# ######.##....#....## ###
###o.# ####.....)......... ...###
#..# #.@..###...........
#...###..#####{####.............
###.......)†(..####.....#.......
##..<###÷...###...##.....#...).##
#.....##.....####...........)..##
.......#...#.## ####>...........)
.......#...#..# #.......####...#
.......#...##.####.......# #.#.#
#.....##...........#.....# #....


There were no monsters in sight!

Vanquished Creatures
  4 adders
  An ooze (D:1)
  An adder skeleton (D:2)
  2 worms (D:2)
  2 dart slugs
  3 leopard geckos
  7 orcs (D:3)
  2 ball pythons (D:2)
  2 giant cockroaches
  4 goblins
  8 hobgoblins
  2 jackals (D:3)
  6 kobolds
  3 quokkas (D:2)
  7 bats
  3 frilled lizards
  11 rats (D:1)
68 creatures vanquished.

Notes
Turn   | Place    | Note
-------+----------+-------------------------------------------
     0 | D:1      | Descartes the Deep Elf Wanderer began the quest for the
                  | Orb.
     0 | D:1      | Descartes set off with the following items: a +0 dagger, a
                  | +0 robe; and the following spells available to memorise:
                  | Sting, Shock, Poisonous Vapours, Ignite Poison, Mephitic
                  | Cloud, Olgreb's Toxic Radiance
     0 | D:1      | Reached XP level 1. HP: 10/10 MP: 7/7
     2 | D:1      | Learned a level 1 spell: Shock
     4 | D:1      | Learned a level 1 spell: Sting
   363 | D:1      | Reached XP level 2. HP: 15/15 MP: 4/9
   846 | D:1      | Reached skill level 1 in Air Magic
  1049 | D:1      | Reached XP level 3. HP: 19/19 MP: 6/11
  1300 | D:2      | Found a sacrificial altar of Ru.
  1360 | D:2      | Reached skill level 5 in Spellcasting
  1921 | D:2      | Reached XP level 4. HP: 24/24 MP: 10/13
  2953 | D:3      | Found a shimmering blue altar of Sif Muna.
  3044 | D:3      | HP: 1/24 [orc/boomerang (1)]
  3080 | D:3      | Slain by an orc wizard

Illustrated notes

Levels and vault maps discovered:
D:1:      scummos_arrival_gate, layout_basic, hangedman_decor_growths,
          minmay_rat_gold_closets
D:2:      layout_basic, old_standard_altar, minmay_misc_feat_hallway
D:3:      layout_rooms, led_sif_pool

Skill      XL: |  1  2  3  4 |
---------------+-------------+-----
Air Magic      | 1 2 |  2.2
Spellcasting   | 5 |  5.0
Conjurations   | 2 |  2.9
Poison Magic   | 3 |  3.5
Throwing       | |  1.0
Stealth        | |  1.2
Fire Magic     | |  2.1

Action                   |  1- 3 |  4- 6 || total
-------------------------+-------+-------++-------
Melee: Dagger            |     9 |    12 ||    21
 Cast: Shock             |   105 |    72 ||   177
       Sting             |     8 |     1 ||     9
  Use: Potion            |     1 |     4 ||     5
Armor: Robe              |     3 |     5 ||     8
Dodge: Dodged            |     7 |    28 ||    35
